 Dungeon Crawl Stone Soup version 0.30.0 (webtiles) character file.

Game seed: 510945156232156614

66065 Ayyar the Warrior (level 14, -1/135 HPs)
             Began as a Minotaur Berserker on May 10, 2023.
             Was an Elder of Trog.
             Slain by an eight-headed hydra (5 damage)
             ... on level 5 of the Lair of Beasts on May 11, 2023.
             The game lasted 01:41:20 (25787 turns).

Ayyar the Warrior (Minotaur Berserker)             Turns: 25787, Time: 01:41:21

Health: -1/135     AC: 22    Str: 27    XL:     14   Next: 77%
Magic:  13/13      EV: 11    Int:  6    God:    Trog [****..]
Gold:   2229       SH: 18    Dex: 10    Spells: 13/13 levels left

rFire   + . .        b - +9 whip of the Distant Future {flame, rElec Int+2}
rCold   . . .        z - +2 kite shield
rNeg    . . .        V - +0 plate armour {rPois}
rPois   +            (helmet restricted)
rElec   +            m - +2 cloak {Will+}
rCorr   .            G - +0 pair of gloves
SInv    .            c - +0 pair of boots
Will    +++++        F - amulet of reflection Stlth
                     D - ring of protection from fire
HPRegen 1.42/turn    A - ring of willpower
MPRegen 0.13/turn

%: reflection
@: lethally poisoned (-1 -> -7), strong-willed, regenerating, studying Armour
A: horns 2, retaliatory headbutt
a: Renounce Religion, Berserk, Trog's Hand, Brothers in Arms


You were on level 5 of the Lair of Beasts.
You worshipped Trog.
Trog was greatly pleased with you.
You visited 4 branches of the dungeon, and saw 22 of its levels.
You also visited: Sewer.

You collected 2781 gold pieces.
You spent 552 gold pieces at shops.

Inventory:

Hand Weapons
 a - a +0 war axe of draining
 b - the +9 whip of the Distant Future (weapon) {flame, rElec Int+2}
   (You found it on level 4 of the Dungeon)

   Int:       It affects your intelligence (+2).
   rElec:     It insulates you from electricity.
 N - a +2 heavy war axe
Missiles
 s - 2 curare-tipped darts
 y - 32 poisoned darts
 W - 6 javelins (quivered)
 Z - 9 atropa-tipped darts
Armour
 c - a +0 pair of boots (worn)
 m - a +2 cloak of willpower (worn)
 z - a +2 kite shield (worn)
 G - a +0 pair of gloves (worn)
 V - a +0 plate armour of poison resistance (worn)
Jewellery
 o - an amulet of regeneration
 A - a ring of willpower (right hand)
 D - a ring of protection from fire (left hand)
 F - an amulet of reflection (around neck)
 I - a +5 ring of evasion
 S - a ring of fire
Wands
 l - a wand of charming (4)
 v - a wand of flame (36)
 L - a wand of quicksilver (23)
 O - a wand of iceblast (16)
 R - a wand of polymorph (7)
 U - a wand of mindburst (16)
Scrolls
 e - 5 scrolls of poison
 g - 3 scrolls of enchant armour
 h - 4 scrolls of fear
 j - 2 scrolls of blinking
 p - a scroll of brand weapon {unknown}
 w - 3 scrolls of teleportation
 B - 3 scrolls of vulnerability
 C - a scroll of torment {unknown}
 J - 6 scrolls of immolation
 K - 4 scrolls of fog
 M - a scroll of identify
 P - 4 scrolls of enchant weapon
 T - a scroll of magic mapping {unknown}
 X - a scroll of summoning {unknown}
Potions
 d - 4 potions of berserk rage
 f - 4 potions of heal wounds
 i - 4 potions of lignification
 k - 4 potions of mutation
 n - 2 potions of attraction
 q - 5 potions of ambrosia
 r - 7 potions of haste
 u - 6 potions of curing
 x - 2 potions of flight
 E - a potion of resistance
 H - 2 potions of might
Miscellaneous
 t - a phantom mirror
 Y - a phial of floods


   Skills:
 + Level 15.3 Fighting
 + Level 13.8 Axes
 * Level 4.7 Throwing
 + Level 13.5 Armour
 + Level 12.5 Dodging
 - Level 3.0 Stealth
 + Level 12.8 Shields
 + Level 5.1 Evocations


You had 13 spell levels left.
You didn't know any spells.
Your spell library was empty.

Dungeon Overview and Level Annotations

Branches:
Dungeon (14/15)            Temple (1/1) D:5            Lair (5/5) D:8
  Swamp (0/4) Lair:2       Spider (0/4) Lair:3        Slime (0/5) Lair:5
    Orc (2/2) D:10            Elf (0/3) Orc:2        Vaults (0/5) D:13
  Sewer (visited)

Altars:
Ashenzari
Dithmenos
Fedhas
Gozag
Hepliaklqana
Kikubaaqudgha
Makhleb
Qazlal
Trog
Vehumet
Wu Jian
Xom
Zin
The Shining One
Jiyva

Shops:
D:2 :   D:11 *   Orc:2 [*:(*

Portals:
Trove: D:10 (give +2 gold dragon scales)

Annotations:
D:4 2 runed translucent doors
Lair:4 1 runed translucent door


Innate Abilities, Weirdness & Mutations

You have a pair of horns on your head.
You reflexively headbutt those who attack you in melee.


Message History

The eight-headed hydra barely misses you.
You block the eight-headed hydra's attack.
The eight-headed hydra bites you. You block the cane toad's attack.
The cane toad barely misses you.
You closely miss the cane toad.
The cane toad is lightly wounded.
You feel very sick. The eight-headed hydra bites you.
* * * LOW HITPOINT WARNING * * *
You block the eight-headed hydra's attack. x3
The eight-headed hydra barely misses you.
The eight-headed hydra bites you but does no damage.
You block the eight-headed hydra's attack.
The eight-headed hydra closely misses you.
The cane toad closely misses you.
The cane toad stings you but does no damage.
You feel much better.
You feel very sick.
Your ogre barely misses the cane toad.
You block the eight-headed hydra's attack. x2
The eight-headed hydra bites you but does no damage.
The eight-headed hydra closely misses you.
The eight-headed hydra bites you but does no damage.
You block the eight-headed hydra's attack.
The eight-headed hydra bites you. The eight-headed hydra bites you!
The cane toad stings you.
* * * LOW HITPOINT WARNING * * *
The cane toad stings you!
* * * LOW HITPOINT WARNING * * *
The elephant tramples you!
* * * LOW HITPOINT WARNING * * *
You hold your ground!
The elephant trunk-slaps you but does no damage.
The eight-headed hydra attacks as you move away!
The eight-headed hydra bites you but does no damage.
You block the eight-headed hydra's attack.
The eight-headed hydra bites you!
* * * LOW HITPOINT WARNING * * *
The eight-headed hydra bites you.
You die...

...#...............#...
<.8.....................
...#...(................
8.#.....................
###.....................
........................
..............<.........
P..............DY.......
..............hF@†......
.........P.....FO.......
...........P.......#....
......8....#..#..#.# ###
.8.........######### ..#


You could see an eight-headed hydra, an elephant, a polar bear, 2 cane toads and
a friendly ogre (summoned, berserk).

Vanquished Creatures
  An orc warlord (Orc:2)
  A vault guard (D:13)
  2 hydras
  A catoblepas (D:13)
  3 boulder beetles
  4 centaur warriors (D:13)
  3 two-headed ogres
  A death yak (Lair:4)
  2 orc high priests (Orc:1)
  Urug (Lair:1)
  Sonja (Orc:2)
  A pharaoh ant (Lair:2)
  A skyshark (Lair:1)
  Lodul (D:11)
  5 skeletal warriors
  5 orc knights
  2 deep elf pyromancers
  A necromancer (D:13)
  6 orc sorcerers
  2 ugly things
  3 cyclopes
  An elephant (shapeshifter) (D:12)
  2 elephants (Lair:5)
  A manticore (D:13)
  Joseph (D:7)
  2 black mambas
  A torpor snail (Lair:1)
  Maurice (D:11)
  2 gargoyles
  Maggie (Lair:1)
  4 cane toads
  6 komodo dragons
  A kobold demonologist (D:9)
  A rime drake (Lair:1)
  2 efreet (D:13)
  A polar bear (Lair:1)
  6 trolls
  Grinder (D:5)
  A raiju (shapeshifter) (D:14)
  8 blink frogs
  10 slime creatures
  Sigmund (D:2)
  A jumping spider (Lair:3)
  4 wyverns
  A wraith (D:13)
  A shadow (D:11)
  5 fire bats
  68 yaks
  A redback (Lair:3)
  Eustachio (D:5)
  A human (Lair:4)
  A basilisk (Lair:2)
  7 vampire mosquitoes
  Menkaure (D:7)
  3 wargs
  4 acid dragons
  11 water moccasins
  4 ice beasts
  A sky beast (D:6)
  A black bear (Lair:3)
  37 orc warriors
  4 boggarts (D:14)
  4 wolves
  15 ogres
  7 centaurs
  2 kobold brigands
  12 bullfrogs
  2 gnoll sergeants
  4 scorpions
  5 wights
  3 killer bees
  8 electric eels
  A howler monkey (D:9)
  A crimson imp (D:5)
  2 gnoll boudas
  14 hounds
  2 jellies (D:4)
  21 orc priests
  2 sleepcaps
  31 orc wizards
  6 hell rats
  5 iguanas
  Natasha (thrice) (D:2)
  12 gnolls
  5 adders
  A shadow imp (D:8)
  3 white imps
  An ufetubus (D:4)
  2 worms
  84 orcs
  10 bats
  14 endoplasms
  2 giant cockroaches
  6 goblins
  8 hobgoblins
  3 jackals (D:1)
  30 kobolds
  2 quokkas
  8 ball pythons
  2 frilled lizards
  A rat (D:1)
602 creatures vanquished.

Vanquished Creatures (collateral kills)
  A rakshasa (D:14)
  A slime creature (D:12)
  A bog body (Lair:2)
  An elephant (Lair:5)
  A troll (D:12)
  8 yaks
  Grum (D:10)
  4 wolves (D:10)
  An orc wizard (Orc:2)
  An orc (Orc:2)
20 creatures vanquished.

Vanquished Creatures (others)
  A tarantella (Lair:2)
  A fire bat (Lair:2)
  A bullfrog (D:8)
  An orc priest (D:8)
  An orc wizard (D:8)
  A shadow imp (D:8)
  An orc (Orc:2)
  3 bushes (D:11)
  18 fungi
  14 plants
  9 toadstools (D:4)
  A withered plant (D:3)
52 creatures vanquished.

Grand Total: 674 creatures vanquished

Notes
Turn   | Place    | Note
-------+----------+-------------------------------------------
     0 | D:1      | Ayyar the Minotaur Berserker began the quest for the Orb.
     0 | D:1      | Reached XP level 1. HP: 19/19 MP: 0/0
   252 | D:1      | Reached XP level 2. HP: 22/27 MP: 1/1
   446 | D:1      | Reached skill level 4 in Fighting
   632 | D:1      | Reached ** piety under Trog
   818 | D:2      | Noticed Natasha
   826 | D:2      | Killed Natasha
   827 | D:2      | Reached XP level 3. HP: 18/33 MP: 2/2
   966 | D:2      | Found Ogiwn's Book Emporium.
   999 | D:2      | Noticed Natasha
  1005 | D:2      | Killed Natasha
  1006 | D:2      | Reached XP level 4. HP: 31/41 MP: 3/3
  1355 | D:2      | You fall into a shaft and drop 2 floors!
  1789 | D:3      | Found an ancient bone altar of Kikubaaqudgha.
  1789 | D:3      | Found a blossoming altar of Fedhas.
  1818 | D:3      | Found a shadowy altar of Dithmenos.
  1848 | D:4      | Found a large runed translucent door.
  1848 | D:4      | Found a large runed translucent door.
  1861 | D:4      | Reached XP level 5. HP: 43/47 MP: 4/4
  1870 | D:4      | Found a large runed translucent door.
  1870 | D:4      | Found a large runed translucent door.
  1894 | D:4      | Found a glowing drain.
  1903 | Sewer    | Entered a sewer
  1928 | Sewer    | Noticed a water moccasin
  1945 | Sewer    | Killed a water moccasin
  1946 | Sewer    | Reached skill level 5 in Fighting
  1946 | Sewer    | Reached skill level 5 in Axes
  1946 | Sewer    | Reached XP level 6. HP: 31/56 MP: 5/5
  2207 | D:4      | Reached skill level 1 in Stealth
  2670 | D:2      | Noticed Natasha
  2676 | D:2      | Killed Natasha
  2676 | D:2      | Reached *** piety under Trog
  2765 | D:2      | Noticed Sigmund
  2778 | D:2      | Killed Sigmund
  2779 | D:2      | Reached XP level 7. HP: 61/61 MP: 6/6
  3035 | D:4      | Found a radiant altar of Vehumet.
  3194 | D:4      | Noticed a yak
  3194 | D:4      | Noticed a yak
  3195 | D:4      | Noticed a yak
  3196 | D:4      | Noticed a yak
  3201 | D:4      | Killed a yak
  3202 | D:4      | Reached skill level 5 in Armour
  3214 | D:4      | Killed a yak
  3215 | D:4      | Reached skill level 6 in Fighting
  3220 | D:4      | Killed a yak
  3221 | D:4      | Reached skill level 5 in Dodging
  3229 | D:4      | Killed a yak
  3230 | D:4      | Reached XP level 8. HP: 12/71 MP: 7/7
  3558 | D:4      | Identified the +9 whip of the Distant Future {flame, rElec
                  | Int+2}
  3830 | D:4      | Found a broken altar of Ashenzari.
  4118 | D:4      | Reached skill level 7 in Fighting
  4344 | D:5      | Entered Level 5 of the Dungeon
  4586 | D:5      | Found a staircase to the Ecumenical Temple.
  4600 | Temple   | Entered the Ecumenical Temple
  4646 | D:5      | Noticed Eustachio
  4655 | D:5      | Killed Eustachio
  4656 | D:5      | Reached skill level 8 in Fighting
  4656 | D:5      | Reached XP level 9. HP: 81/81 MP: 8/8
  4735 | D:5      | Found an ornate altar of the Wu Jian Council.
  4757 | D:5      | Found a burning altar of Makhleb.
  4849 | D:5      | Noticed Grinder
  4866 | D:5      | Killed Grinder
  4886 | D:5      | Found a stormy altar of Qazlal.
  5120 | D:5      | Reached **** piety under Trog
  5389 | D:6      | Reached skill level 9 in Fighting
  5559 | D:6      | Reached skill level 10 in Fighting
  5591 | D:6      | Reached XP level 10. HP: 80/93 MP: 9/9
  5659 | D:6      | Found an opulent altar of Gozag.
  6471 | D:7      | Noticed Joseph
  6486 | D:7      | Noticed Menkaure
  6507 | D:7      | Killed Menkaure
  6586 | D:7      | Killed Joseph
  6662 | D:7      | Reached skill level 11 in Fighting
  6722 | D:7      | Identified the +1 robe of Vearofij {rPois Will++}
  7095 | D:8      | Found a staircase to the Lair.
  7178 | D:8      | Found a shimmering altar of Xom.
  7686 | D:9      | Reached skill level 1 in Shields
  7728 | D:9      | Reached ***** piety under Trog
  7793 | D:9      | Noticed a two-headed ogre
  7805 | D:9      | Killed a two-headed ogre
  7874 | D:9      | Reached XP level 11. HP: 104/104 MP: 10/10
  7878 | D:9      | Reached skill level 10 in Axes
  7885 | D:9      | Reached skill level 12 in Fighting
  8510 | D:9      | Found a hazy altar of Hepliaklqana.
  8524 | D:9      | Found a bloodstained altar of Trog.
  8824 | D:10     | Entered Level 10 of the Dungeon
  9588 | D:10     | Found a glowing golden altar of the Shining One.
  9910 | D:10     | Found Zin's Purification Station.
  9913 | D:10     | Found a glowing silver altar of Zin.
  9920 | D:10     | Bought a potion of curing for 90 gold pieces
  9956 | D:10     | Found a staircase to the Orcish Mines.
  9968 | D:10     | Reached skill level 5 in Shields
 10027 | Orc:1    | Entered Level 1 of the Orcish Mines
 10217 | D:10     | Reached skill level 10 in Armour
 10445 | Orc:1    | Noticed a two-headed ogre
 10456 | Orc:1    | Killed a two-headed ogre
 10513 | Orc:1    | Noticed an orc knight
 10848 | D:10     | Noticed Grum
 10860 | D:10     | Killed Grum
 10955 | D:10     | Found a portal to a secret trove of treasure.
 11265 | D:11     | Noticed Lodul
 11497 | D:11     | Found Voeffum's Mayhem Merchandise.
 11536 | D:11     | Noticed Maurice
 11548 | D:11     | Killed Maurice
 12103 | D:11     | Killed Lodul
 12131 | D:11     | Reached XP level 12. HP: 96/113 MP: 11/11
 12380 | D:12     | Reached skill level 13 in Fighting
 12406 | D:12     | Reached skill level 10 in Dodging
 12777 | D:12     | Found a radiant altar of Vehumet.
 12843 | D:12     | Identified the +3 leather armour "Engubac" {rN+++ Will-
                  | rCorr Int-2}
 13089 | D:13     | Received a gift from Trog
 13315 | D:13     | Noticed a centaur warrior
 13332 | D:13     | Killed a centaur warrior
 13488 | D:13     | Noticed a boulder beetle
 13502 | D:13     | Killed a boulder beetle
 13651 | D:13     | Reached skill level 10 in Shields
 13851 | D:13     | Noticed a centaur warrior
 13852 | D:13     | Noticed a centaur warrior
 13856 | D:13     | Noticed a centaur warrior
 13863 | D:13     | Noticed a vault guard
 13872 | D:13     | Killed a centaur warrior
 14131 | D:13     | Killed a centaur warrior
 14192 | D:13     | Noticed a catoblepas
 14771 | D:14     | HP: 5/174 [skeletal warrior/+3 glaive of protection (16)]
 14780 | D:14     | Reached XP level 13. HP: 12/123 MP: 12/12
 14784 | D:14     | HP: 1/123 [skeletal warrior/+3 glaive of protection (13)]
 15709 | D:14     | Reached skill level 14 in Fighting
 15724 | D:14     | Reached skill level 1 in Evocations
 15899 | D:14     | HP: 1/124 [freezing wraith[a death knight] (14)]
 16757 | D:13     | Found a gate to the Vaults.
 17387 | Orc:1    | Found a runed translucent door.
 17908 | Orc:2    | Entered Level 2 of the Orcish Mines
 17908 | Orc:2    | Found Zecoewou's Antique Armour Boutique.
 18537 | Orc:2    | Bought an embroidered cloak for 255 gold pieces
 18567 | Orc:2    | Found Fogimn's Antique Weapon Emporium.
 18582 | Orc:2    | Found a staircase to the Elven Halls.
 18666 | Orc:2    | Noticed an orc warlord
 18689 | Orc:2    | Killed an orc warlord
 19027 | Orc:2    | Found Hausmimm's Book Shoppe.
 19125 | Orc:2    | Noticed Sonja
 19143 | Orc:2    | Killed Sonja
 19168 | Orc:2    | Found Doarhiarch's Assorted Antiques.
 19176 | Orc:2    | Bought a coral ring for 175 gold pieces
 19544 | Orc:2    | Found Nel Piucaaco's General Store.
 19552 | Orc:2    | Bought a scroll of identify for 32 gold pieces
 19614 | Orc:2    | Reached XP level 14. HP: 133/133 MP: 13/13
 20233 | Lair:1   | Entered Level 1 of the Lair of Beasts
 20418 | Lair:1   | Noticed Urug
 20436 | Lair:1   | Killed Urug
 20562 | Lair:1   | Reached skill level 1 in Throwing
 21128 | Lair:1   | Noticed Maggie
 21137 | Lair:1   | Killed Maggie
 21472 | Lair:2   | Received a gift from Trog
 21734 | Lair:2   | Found a staircase to the Swamp.
 21763 | Lair:2   | Reached skill level 15 in Fighting
 22680 | Lair:2   | HP: 3/165 [pharaoh ant (22)]
 22930 | Lair:3   | Found a hole to the Spider Nest.
 25252 | Lair:4   | Found a runed translucent door.
 25259 | Lair:4   | Noticed a tentacled starspawn
 25320 | Lair:5   | Entered Level 5 of the Lair of Beasts
 25320 | Lair:5   | Found a viscous altar of Jiyva.
 25320 | Lair:5   | Found a staircase to the Slime Pits.
 25505 | Lair:4   | Reached skill level 5 in Evocations
 25787 | Lair:5   | HP: 4/135 [eight-headed hydra (7)]
 25787 | Lair:5   | Slain by an eight-headed hydra

Illustrated notes

Levels and vault maps discovered:
D:1:      minmay_arrival_shattered_statue, layout_basic
D:2:      layout_loops_corners, serial_shops, shop, minivault_26, uniq_natasha,
          uniq_sigmund
D:3:      layout_loops_ring, grunt_temple_overflow_growth_and_decay,
          grunt_dithmenos_smoke, moated_statue, feat_on_display
D:4:      cheibrodos_fertilizer, layout_cave_pools,
          mainiacjoe_overflow_cross_hatched, ashenzari_conservatory_becter,
          portal_sewer_entry_d, minmay_hollow_rounded_squares
D:5:      layout_loops_cross, lemuel_doored_altar, makhleb_grotto_becter,
          nicolae_qazlal_style_of_elements, temple_fountains, uniq_grinder,
          uniq_eustachio
D:6:      layout_basic, lemuel_round_altar, st_stairs_3
D:7:      layout_basic, minmay_liquid_box, kennysheep_minor_cross, minmay_holes,
          uniq_joseph, uniq_menkaure
D:8:      layout_loops_cross, xom_confusion_cloud, erik_lair_island
D:9:      layout_loops_corners, mainiacjoe_overflow_big_doors,
          minmay_fractal_squares_5
D:10:     layout_basic, tso_oasis_becter, zin_purify, erik_orc_2,
          nicolae_trove_entry_crystal, minivault_16, minmay_misc_feat_iff,
          uniq_grum
D:11:     layout_gridville, minmay_hedge_maze, minmay_shop_mayhem, uniq_maurice,
          uniq_lodul
D:12:     layout_small_grid, nicolae_vehumet_altar_sigil
D:13:     layout_roguey, david_vaults_5
D:14:     layout_roguey, serial_park_square1 [serial_park_minivault_5x5_2]
Temple:   nicolae_temple_bog_church
Lair:1:   layout_regular_city, chequers_serial_rivers_micro_d,
          minmay_stone_trees_medium, lemuel_fruit_tree, uniq_urug, uniq_maggie
Lair:2:   layout_regular_city, skrybe_swamp_entry_bodies
Lair:3:   layout_gridlike, nicolae_spider_entry_lesser_pyramids
Lair:4:   layout_cave_pods, pdpol_lair_cabin_in_the_woods, lemuel_fruit_fields,
          infiniplex_staircase_pool_2
Lair:5:   evilmike_catoblepas_cave, layout_hall_layers, slime_entry_1,
          grunt_megastairs_3, serial_bayou_shore_a
Orc:1:    layout_caves, lightli_church_of_beogh
Orc:2:    grunt_orc_gardens, layout_caves, grunt_orc_garden, grunt_orc_garden,
          grunt_orc_garden, grunt_orc_garden, basic_altar, serial_shops,
          nicolae_diamond_shop, uniq_sonja

Skill      XL: |  1  2  3  4  5  6  7  8  9 10 11 12 13 14 |
---------------+-------------------------------------------+-----
Fighting       | 4 5 6 8 10 11 12 13 14 15 | 15.3
Axes           | 4 5 6 7 8 9 11 12 13 | 13.8
Armour         | 3 4 5 7 8 9 10 11 12 13 | 13.5
Dodging        | 3 4 5 6 7 8 9 10 11 12 | 12.5
Stealth        | 1 3 |  3.0
Shields        | 3 7 10 12 | 12.8
Evocations     | 3 5 |  5.1
Throwing       | 4 |  4.7

Action                     |  1- 3 |  4- 6 |  7- 9 | 10-12 | 13-15 || total
---------------------------+-------+-------+-------+-------+-------++-------
  Melee: Hand axe          |    49 |   145 |    84 |       |       ||   278
         Headbutt          |    10 |    16 |    37 |   150 |   221 ||   434
         Punch             |       |     1 |     2 |       |       ||     3
         Whip              |       |       |   151 |   672 |  1019 ||  1842
  Throw: Dart              |       |       |    18 |    84 |     3 ||   105
         Javelin           |       |       |       |     2 |     9 ||    11
         Boomerang         |       |       |       |     1 |   136 ||   137
 Invoke: Berserk           |     2 |     2 |     5 |     6 |     8 ||    23
         Trog's Hand       |       |     1 |     2 |     5 |    12 ||    20
         Brothers in Arms  |       |       |       |     2 |     5 ||     7
  Evoke: Wand              |       |       |       |     8 |     5 ||    13
    Use: Scroll            |       |     1 |       |     3 |    17 ||    21
         Potion            |       |       |     1 |     1 |     4 ||     6
   Stab: Sleeping          |     1 |       |     1 |       |       ||     2
         Distracted        |       |       |     3 |       |       ||     3
 Armour: Animal skin       |     9 |    37 |       |       |       ||    46
         Robe              |       |       |    17 |       |       ||    17
         Plate armour      |       |       |    42 |   236 |   353 ||   631
         Scale mail        |       |       |     4 |       |       ||     4
  Dodge: Dodged            |    26 |    85 |    92 |   249 |   266 ||   718
  Block: Other             |       |       |    12 |    17 |       ||    29
         Kite shield       |       |       |       |   383 |   780 ||  1163
         Reflection        |       |       |       |    32 |    24 ||    56
